 Dungeon Sprint DCSS version 0.23-a0-650-ga4d50d4 (webtiles) character file.

625 Leeroy the Frost Mage (level 7, -2/46 HPs)
             Began as a Barachi Ice Elementalist on Jan 3, 2019.
             Was an Initiate of Qazlal.
             Slain by a slime creature (6 damage)
             ... in the Dungeon (Sprint V: "Ziggurat Sprint").
             The game lasted 00:02:30 (112 turns).

Leeroy the Frost Mage (Barachi Ice Elementalist)     Turns: 112, Time: 00:02:30

Health: -2/46      AC: 25    Str: 21    XL:     7   Next: 47%
Magic:  4/17       EV:  1    Int: 17    God:    Qazlal [......]
Gold:   0          SH: 27    Dex: 13    Spells: 19/20 levels left

rFire    . . .     SeeInvis .   M - +5 demon blade
rCold    . . .     Gourm    .   y - +18 shield of the Gong {rElec rN+ MR+ EV-5}
rNeg     + . .     Faith    .   x - +15 Maxwell's patent armour {-Cast -Tele rElec MR+ rCorr}
rPois    .         Spirit   .   (no helmet)
rElec    +         Reflect  .   (no cloak)
rCorr    +         Harm     .   (no gloves)
MR       ++...     NoTele   +   (no boots) Stlth ..........NoCast +
                                (no amulet)
HPRegen  0.15/turn              E - +6 ring of strength
MPRegen  0.15/turn              F - +6 ring of strength

@: can't hop, slow
A: +LOS, swims, slowness 1, strong legs 1
a: Hop, Renounce Religion


You were in the Dungeon.
You worshipped Qazlal.
Qazlal was noncommittal.
You were not hungry.

You visited 1 branch

Inventory:

Hand Weapons
 u - the +7 Singing Sword {slice, sonic wave}
   (You found it in the Dungeon)

   It inflicts extra damage upon your enemies.
 v - the +11 plutonium sword {*Contam Stlth-}
   (You found it in the Dungeon)

   It causes magical contamination when unequipped.
   It makes you less stealthy.
 w - the +9 sword of Zonguldrok {reap}
   (You found it in the Dungeon)

   If a monster killed with it leaves a corpse in good enough shape, the corpse
   will be animated as a zombie friendly to the killer.
 M - a +5 demon blade (weapon)
 N - a +5 triple sword
Armour
 a - a +0 robe
 x - the +15 Maxwell's patent armour (worn) {-Cast -Tele rElec MR+ rCorr}
   (You found it in the Dungeon)

   It insulates you from electricity.
   It affects your resistance to hostile enchantments.
   It prevents spellcasting.
   It prevents most forms of teleportation.
   It provides partial protection from all sources of acid and corrosion.
 y - the +18 shield of the Gong (worn) {rElec rN+ MR+ EV-5}
   (You found it in the Dungeon)

   It affects your evasion (-5).
   It insulates you from electricity.
   It protects you from negative energy.
   It affects your resistance to hostile enchantments.
 O - +5 fire dragon scales
 P - +5 ice dragon scales
Magical Staves
 H - an uncursed staff of energy
Jewellery
 A - a +6 ring of dexterity
 B - a +6 ring of dexterity
 C - a +6 ring of intelligence
 D - a +6 ring of intelligence
 E - a +6 ring of strength (left hand)
 F - a +6 ring of strength (right hand)
 G - an uncursed ring of flight
Wands
 J - a wand of disintegration (6)
 K - a wand of iceblast (7)
 L - a wand of acid (7)
Scrolls
 i - 4 scrolls of blinking
 o - 4 scrolls of amnesia
 p - 7 scrolls of fog
 q - a scroll of holy word
 r - 5 scrolls of identify
 s - 5 scrolls of remove curse
 t - 2 scrolls of fear
Potions
 b - 2 potions of brilliance
 d - 10 potions of curing
 e - 10 potions of heal wounds
 f - 6 potions of haste
 g - 7 potions of magic
 h - 3 potions of berserk rage
 j - 2 potions of invisibility
 k - 4 potions of resistance
 l - a potion of experience
 m - 5 potions of agility
 n - 5 potions of might
Miscellaneous
 z - a lightning rod (3/4)
 I - a crystal ball of energy
Comestibles
 c - 7 rations


   Skills:
 - Level 6.8 Dodging
 - Level 4.9 Stealth
 - Level 2.6 Shields
 - Level 7.2 Spellcasting
   Level 1.1 Conjurations
 - Level 13.3 Ice Magic
 - Level 3.1 Evocations


You had 19 spell levels left.
You knew the following spells:

 Your Spells              Type           Power        Failure   Level  Hunger
a - Freeze                Ice            ####         8%          1    None

Your spell library contained the following spells:

 Spells                   Type           Power        Failure   Level  Hunger
 Throw Frost              Conj/Ice       ####..       82%         2    None
 Ozocubu's Armour         Chrm/Ice       ####....     98%         3    ##.....
 Summon Ice Beast         Ice/Summ       ####....     100%        4    ####...
 Throw Icicle             Conj/Ice       ####....     100%        4    ####...


Dungeon Overview and Level Annotations

Branches:
Dungeon (1/1)

Altars:
Ashenzari
Cheibriados
Dithmenos
Elyvilon
Fedhas
Gozag
Hepliaklqana
Kikubaaqudgha
Makhleb
Nemelex Xobeh
Okawaru
Qazlal
Ru
Sif Muna
Trog
Uskayaw
Vehumet
Wu Jian
Xom
Yredelemnul
Zin
The Shining One
Beogh
Jiyva
Lugonu

Annotations:
D 1 transporter


Innate Abilities, Weirdness & Mutations

Shadows flee at your approach. (+LOS)
You can swim through water.
You cover ground slowly.
You can hop short distances.


Message History

You slash the slime creature!
The slime creature is moderately wounded.
You block the slime creature's attack.
GONNNNG!
You hit the slime creature.
The slime creature is heavily wounded.
You block the slime creature's attack.
GONNNNG!
Unknown command.
You slash the slime creature!
The slime creature is heavily wounded.
You block the slime creature's attack.
PANG!
The slime creature hits you!
* * * LOW HITPOINT WARNING * * *
Unknown command.
You slash the slime creature!
The slime creature is severely wounded.
The slime creature hits you.
You die...

▓▓▓▓▓▓▓
▓.8©8.▓
▓.....▓
▓.).J@▓
▓...).▓
▓.....▓
▓..©..▓
▓▓▓▓▓▓▓


You could see a slime creature.

Vanquished Creatures
  A centaur warrior (D)
1 creature vanquished.

Notes
Turn   | Place    | Note
-------+----------+-------------------------------------------
     0 | D        | Found the +6 Majin-Bo {vamp, Archmagi MP+6 Int+6}
     0 | D        | Found the +7 great mace "Firestarter" {inner flame, rF++}
     0 | D        | Leeroy the Barachi Ice Elementalist began the quest for the
                  | Orb.
     0 | D        | Reached XP level 1. HP: 13/13 MP: 3/3
     0 | D        | Found a transporter.
     0 | D        | Found an ancient bone altar of Kikubaaqudgha.
     0 | D        | Found a viscous altar of Jiyva.
     0 | D        | Found a corrupted altar of Lugonu.
     0 | D        | Found a hazy altar of Hepliaklqana.
     0 | D        | Found a burning altar of Makhleb.
     0 | D        | Found an opulent altar of Gozag.
    10 | D        | Found the +9 heavy crossbow "Sniper" {velocity, Acc+∞ SInv}
    10 | D        | Found the +10 dark maul {crush}
    10 | D        | Found the +15 Maxwell's patent armour {-Cast -Tele rElec
                  | MR+ rCorr}
    10 | D        | Found the +18 shield of the Gong {rElec rN+ MR+ EV-5}
    10 | D        | Found the cursed +14 obsidian axe {chop, +Fly SInv *Curse}
    11 | D        | Found the +6 shillelagh "Devastator" {shatter}
    11 | D        | Found the +11 plutonium sword {*Contam Stlth-}
    11 | D        | Found the +8 lance "Wyrmbane" {slay drac, rPois rF+ rC+
                  | AC+3}
    11 | D        | Found the +9 sword of Zonguldrok {reap}
    11 | D        | Found the cursed +13 scythe of Curses {drain, *Curse}
    11 | D        | Found the +0 sword of Power
    11 | D        | Found the +7 mace of Variability {chain chaos}
    11 | D        | Found the +7 Singing Sword {slice, sonic wave}
    11 | D        | Found the +7 longbow "Piercer" {penet, EV-2}
    91 | D        | Became a worshipper of Qazlal Stormbringer
   100 | D        | Entered arena 2.
   100 | D        | Noticed a slime creature
   100 | D        | Noticed a centaur warrior
   100 | D        | Found a transporter.
   107 | D        | Killed a centaur warrior
   107 | D        | Reached skill level 13 in Ice Magic
   107 | D        | Reached XP level 2. HP: 6/19 MP: 3/10
   107 | D        | Reached XP level 3. HP: 8/24 MP: 3/11
   107 | D        | Reached XP level 4. HP: 10/30 MP: 3/13
   107 | D        | Reached XP level 5. HP: 12/35 MP: 3/14
   107 | D        | Reached XP level 6. HP: 14/41 MP: 3/16
   107 | D        | Reached XP level 7. HP: 16/46 MP: 3/17
   112 | D        | Slain by a slime creature

Vault maps used:
D:        sprint_v

Skill      XL: |  1 |
---------------+----+-----
Dodging        | 6 |  6.8
Stealth        | 4 |  4.9
Shields        | 2 |  2.6
Spellcasting   | 7 |  7.2
Ice Magic      | 13 | 13.3
Evocations     | 3 |  3.1
Conjurations   | |  1.1

Action                   |  1- 3 |  4- 6 |  7- 9 || total
-------------------------+-------+-------+-------++-------
Melee: Demon blade       |     1 |       |     5 ||     6
 Abil: Hop               |     1 |       |       ||     1
Evoke: Lightning rod     |     3 |       |     1 ||     4
       Wand              |     1 |       |       ||     1
Armor: Plate armour      |     4 |       |     1 ||     5
Dodge: Dodged            |     1 |       |       ||     1
Block: Shield            |     5 |       |     5 ||    10

Table legend:
 A = Non-vault XP
 B = Vault XP
 C = Vault XP percentage of total XP
 D = Non-vault monster count
 E = Vault monster count
 F = Vault count percentage of total count
                 A         B        C        D         E       F
            +---------+---------+-------+---------+---------+-------
      Total |       0 |     894 | 100.0 |       0 |       1 | 100.0
            +---------+---------+-------+---------+---------+-------
          D |       0 |     894 | 100.0 |       0 |       1 | 100.0
            +---------+---------+-------+---------+---------+-------
